 Dungeon Crawl Stone Soup version 0.25-b1-38-g32f9adbbe0 (webtiles) character file.

Game seed: 14895787517677373594

27997 failweight the Severer (level 13, -15/116 HPs)
             Began as a Minotaur Berserker on June 7, 2020.
             Was a High Priest of Trog.
             Demolished by a white very ugly thing (29 damage)
             ... on level 12 of the Dungeon.
             The game lasted 01:12:50 (15971 turns).

failweight the Severer (Minotaur Berserker)        Turns: 15971, Time: 01:12:51

Health: -15/116    AC: 19    Str: 27    XL:     13   Next: 7%
Magic:  0/15       EV:  9    Int: 10    God:    Trog [*****.]
Gold:   1107       SH:  0    Dex: 10    Spells: 12/12 levels left

rFire    . . .     SeeInvis .   T - +3 battleaxe (flame)
rCold    . . .     Gourm    .   (shield currently unavailable)
rNeg     . . .     Faith    .   m - +0 plate armour
rPois    .         Spirit   +   (helmet restricted)
rElec    .         Reflect  .   o - +0 cloak
rCorr    +         Harm     .   J - +0 pair of gloves
MR       .....                  g - +0 pair of boots
Stlth    ..........             H - amulet of guardian spirit
HPRegen  0.29/turn              I - ring of resist corrosion
MPRegen  0.14/turn              N - +6 ring of intelligence

@: lightly drained
A: retaliatory headbutt, horns 2
a: Berserk, Trog's Hand, Brothers in Arms, Renounce Religion


You were on level 12 of the Dungeon.
You worshipped Trog.
Trog was extremely pleased with you.
You were not hungry.

You visited 3 branches of the dungeon, and saw 15 of its levels.

You collected 1294 gold pieces.
You spent 187 gold pieces at shops.

Inventory:

Hand Weapons
 f - a +2 mace of holy wrath
 C - a +8 quick blade of flaming
 F - a +6 broad axe
 T - a +3 battleaxe of flaming (weapon)
Missiles
 e - 217 stones (quivered)
 i - 6 atropa-tipped darts
 n - 37 poisoned darts
 G - 3 curare-tipped darts
 R - a throwing net
Armour
 g - a +0 pair of boots (worn)
 m - a +0 plate armour (worn)
 o - a +0 cloak (worn)
 J - a +0 pair of gloves (worn)
Jewellery
 s - an uncursed amulet of faith
 v - an uncursed ring of fire
 H - an amulet of guardian spirit (around neck)
 I - a ring of resist corrosion (left hand)
 N - a +6 ring of intelligence (right hand)
 O - an uncursed ring of flight
Wands
 t - a wand of flame (42)
 w - a wand of acid (16)
 z - a wand of polymorph (5)
 B - a wand of iceblast (6)
 S - a wand of clouds (2)
Scrolls
 a - 3 scrolls of enchant armour {unknown}
 j - a scroll of blinking
 l - 2 scrolls of magic mapping
 q - 2 scrolls of fog
 u - a scroll of enchant weapon {unknown}
 y - 2 scrolls of fear {unknown}
 E - a scroll of brand weapon {unknown}
 K - 5 scrolls of teleportation
 M - a scroll of immolation {unknown}
Potions
 b - 2 potions of mutation
 d - a potion of might
 h - 3 potions of berserk rage
 k - a potion of flight
 p - 3 potions of lignification
 r - a potion of degeneration {unknown}
 x - 2 potions of heal wounds
 A - a potion of magic {unknown}
 D - 2 potions of invisibility
 L - 6 potions of curing
Miscellaneous
 P - a phial of floods
Comestibles
 c - 11 rations


   Skills:
 + Level 11.0(10.9) Fighting
 - Level 8.9(8.7) Short Blades
 + Level 16.8(16.7) Axes
 + Level 3.6(3.5) Throwing
 + Level 11.7(11.6) Armour
 + Level 3.3(3.2) Dodging
 - Level 0.3(0.2) Stealth
 * Level 4.5(4.4) Evocations


You had 12 spell levels left.
You didn't know any spells.
Your spell library was empty.

Dungeon Overview and Level Annotations

Branches:
Dungeon (12/15)            Temple (1/1) D:7            Lair (0/6) D:8
    Orc (2/2) D:11            Elf (0/3) Orc:2

Altars:
Ashenzari
Cheibriados
Dithmenos
Elyvilon
Gozag
Hepliaklqana
Kikubaaqudgha
Makhleb
Okawaru
Ru
Vehumet
Zin
The Shining One
Beogh

Shops:
D:7 *   Orc:2 :!((


Innate Abilities, Weirdness & Mutations

You reflexively headbutt those who attack you in melee.
You have a pair of horns on your head.


Message History

There is something else lying underneath.
The floor.
Unknown command.
You slice the white very ugly thing!! You burn the white very ugly thing!
The white very ugly thing is moderately wounded.
The cyclops throws a large rock.
The large rock hits you!
You closely miss the white very ugly thing.
Your headbutt misses the white very ugly thing.
The white very ugly thing is moderately wounded.
The white very ugly thing gores you. The white very ugly thing freezes you!!
You hit the white very ugly thing. You burn the white very ugly thing.
You headbutt the white very ugly thing!
The white very ugly thing is heavily wounded.
The white very ugly thing gores you! The white very ugly thing freezes you!!
* * * LOW HITPOINT WARNING * * *
The cyclops throws a large rock.
The large rock barely misses you. The white very ugly thing gores you.
* * * LOW HITPOINT WARNING * * *
The white very ugly thing freezes you!!
You die...

W. #..#########
Jy#..........#
.#..##......#
J..##......#
#..##......# #.#
#......#
#)###......#
#(C.†.....u#
.......###....@.#
#.###### ##'#####
#..## ##..# #.
##.# ##.#####
#####.## .......#
#......# .......#
#......#
.......####......#


You could see a white very ugly thing and a cyclops.

Vanquished Creatures
  Erolcha (D:12)
  Harold (D:11)
  2 hydras
  2 two-headed ogres
  2 ogre magi (Orc:2)
  An unseen horror (D:11)
  Pikel (D:4)
  9 orc sorcerers
  5 ugly things
  3 manticores
  Joseph (D:7)
  A gargoyle (D:12)
  A meliai (D:12)
  Grinder (D:5)
  A troll (Orc:1)
  5 hippogriffs
  A slime creature (D:12)
  A hippogriff (shapeshifter) (D:8)
  A basilisk (D:8)
  Eustachio (D:4)
  4 water elementals (D:10)
  11 yaks
  2 hungry ghosts
  A warg (Orc:1)
  2 water moccasins
  2 porcupines (D:8)
  5 orc warriors
  8 sky beasts
  4 ice beasts
  An eye of draining (D:11)
  A hornet zombie (D:8)
  2 black bears (D:8)
  A phantom (D:9)
  9 centaurs
  17 ogres
  A crocodile (D:8)
  3 big kobolds
  Blork the orc (D:5)
  11 bullfrogs
  A gnoll sergeant (D:8)
  6 scorpions
  A water moccasin skeleton (D:8)
  7 killer bees
  A howler monkey (D:5)
  6 wights
  2 crimson imps
  A bullfrog zombie (D:11)
  2 centaur zombies
  A quasit (D:8)
  9 jellies
  11 orc priests
  5 hounds
  28 orc wizards
  A bullfrog skeleton (D:11)
  3 centaur skeletons (D:11)
  A gnoll shaman (D:6)
  Jessica (D:2)
  5 iguanas
  12 worker ants
  2 hound zombies
  2 hound skeletons
  A mummy (D:5)
  A worker ant zombie (D:5)
  Robin (D:4)
  3 gnolls (D:6)
  18 adders
  5 oozes (D:8)
  An adder zombie (D:8)
  2 worms
  2 dart slugs (D:1)
  A leopard gecko (D:8)
  69 orcs
  5 giant cockroaches
  17 goblins
  6 hobgoblins
  14 jackals
  20 kobolds
  5 quokkas
  A ball python (D:2)
  7 bats
  5 frilled lizards
  A jackal skeleton (D:6)
  A leopard gecko skeleton (D:4)
  3 quokka skeletons
  A quokka zombie (D:5)
  6 rats
431 creatures vanquished.

Vanquished Creatures (others)
  2 slaves (D:4)
  An orc wizard (Orc:2)
  2 adders (D:4)
  A leopard gecko (D:4)
  An orc (D:4)
  4 fungi (D:8)
  A plant (D:8)
12 creatures vanquished.

Grand Total: 443 creatures vanquished

Notes
Turn   | Place    | Note
-------+----------+-------------------------------------------
     0 | D:1      | failweight the Minotaur Berserker began the quest for the
                  | Orb.
     0 | D:1      | Reached XP level 1. HP: 19/19 MP: 0/0
   286 | D:1      | Reached skill level 4 in Axes
   286 | D:1      | Reached XP level 2. HP: 27/27 MP: 1/1
  1117 | D:2      | Found a glowing golden altar of the Shining One.
  1148 | D:2      | Reached XP level 3. HP: 32/33 MP: 2/2
  1241 | D:2      | Found a faded altar of an unknown god.
  1351 | D:2      | Reached ** piety under Trog
  1435 | D:2      | Found an iron altar of Okawaru.
  1767 | D:2      | Noticed Jessica
  1776 | D:2      | Killed Jessica
  1776 | D:2      | Reached XP level 4. HP: 35/41 MP: 3/3
  2532 | D:3      | Reached skill level 5 in Axes
  2622 | D:3      | Reached XP level 5. HP: 47/47 MP: 4/4
  2884 | D:3      | Reached *** piety under Trog
  3082 | D:4      | Found a shattered altar of Ashenzari.
  3091 | D:4      | Reached skill level 6 in Axes
  3175 | D:4      | Noticed a slave
  3179 | D:4      | Noticed Pikel
  3179 | D:4      | Noticed a slave
  3179 | D:4      | Noticed a slave
  3180 | D:4      | Noticed a slave
  3184 | D:4      | Killed Pikel
  3184 | D:4      | Reached skill level 5 in Fighting
  3184 | D:4      | Reached skill level 7 in Axes
  3184 | D:4      | Reached skill level 1 in Throwing
  3184 | D:4      | Reached skill level 5 in Armour
  3184 | D:4      | Reached XP level 6. HP: 56/56 MP: 5/5
  3184 | D:4      | Reached XP level 7. HP: 61/61 MP: 6/6
  3249 | D:4      | Reached skill level 8 in Axes
  3507 | D:4      | Noticed Robin
  3516 | D:4      | Reached XP level 8. HP: 70/70 MP: 7/7
  3520 | D:4      | Killed Robin
  3732 | D:4      | Found a burning altar of Makhleb.
  3836 | D:4      | Noticed Eustachio
  3844 | D:4      | Killed Eustachio
  3844 | D:4      | Reached **** piety under Trog
  3910 | D:5      | Entered Level 5 of the Dungeon
  4125 | D:5      | Reached skill level 1 in Short Blades
  4127 | D:5      | Noticed Blork the orc
  4143 | D:5      | Killed Blork the orc
  4362 | D:5      | Found a snail-covered altar of Cheibriados.
  4376 | D:5      | Reached skill level 1 in Evocations
  4796 | D:5      | Noticed Grinder
  4809 | D:5      | Killed Grinder
  4819 | D:5      | Reached XP level 9. HP: 76/78 MP: 8/8
  4862 | D:5      | Reached skill level 5 in Short Blades
  5841 | D:6      | Reached ***** piety under Trog
  6394 | D:7      | Found a shadowy altar of Dithmenos.
  6405 | D:7      | Found a hazy altar of Hepliaklqana.
  6413 | D:7      | Found Zin's Purification Station.
  6414 | D:7      | Found a glowing silver altar of Zin.
  6435 | D:7      | Reached skill level 9 in Axes
  6462 | D:7      | Found a staircase to the Ecumenical Temple.
  6919 | D:7      | Reached XP level 10. HP: 76/86 MP: 9/9
  7117 | D:7      | Noticed Joseph
  7132 | D:7      | Killed Joseph
  7132 | D:7      | Reached skill level 10 in Axes
  7272 | Temple   | Entered the Ecumenical Temple
  7457 | D:8      | Reached skill level 11 in Axes
  7807 | D:8      | Found a staircase to the Lair.
  7874 | D:8      | Received a gift from Trog
  8349 | D:8      | Reached skill level 12 in Axes
  8559 | D:8      | You fall into a shaft and drop 2 floors!
  8559 | D:10     | Entered Level 10 of the Dungeon
  8586 | D:10     | Reached XP level 11. HP: 29/95 MP: 3/10
  9451 | D:9      | Noticed a two-headed ogre
  9479 | D:9      | Killed a two-headed ogre
  9926 | D:8      | Noticed a brown ugly thing
  9955 | D:8      | Killed a brown ugly thing
  9955 | D:8      | Reached skill level 13 in Axes
 10054 | D:8      | Noticed a seven-headed hydra
 10069 | D:8      | HP: 3/145 [seven-headed hydra (9)]
 10071 | D:8      | Killed a seven-headed hydra
 10586 | D:9      | Reached skill level 10 in Armour
 10614 | D:9      | Found a white marble altar of Elyvilon.
 10614 | D:9      | Found a sacrificial altar of Ru.
 10616 | D:9      | Found an opulent altar of Gozag.
 10616 | D:9      | Found an ancient bone altar of Kikubaaqudgha.
 11570 | D:11     | Received a gift from Trog
 11603 | D:11     | Noticed a five-headed hydra
 11611 | D:11     | Killed a ten-headed hydra
 11611 | D:11     | Reached skill level 14 in Axes
 11839 | D:11     | Noticed a brown ugly thing
 11853 | D:11     | Killed a brown ugly thing
 12127 | D:11     | Found a staircase to the Orcish Mines.
 12272 | D:11     | Noticed a white ugly thing
 12312 | D:11     | Killed a white ugly thing
 12404 | D:11     | Noticed a two-headed ogre
 12415 | D:11     | Killed a two-headed ogre
 12415 | D:11     | Reached XP level 12. HP: 106/106 MP: 12/12
 12493 | D:11     | Reached skill level 10 in Fighting
 12493 | D:11     | Reached skill level 15 in Axes
 12781 | D:11     | Noticed Harold
 12793 | D:11     | Killed Harold
 13166 | Orc:1    | Entered Level 1 of the Orcish Mines
 13307 | Orc:1    | Paralysed by an orc sorcerer for 3 turns
 13718 | Orc:2    | Entered Level 2 of the Orcish Mines
 14015 | Orc:2    | Found a staircase to the Elven Halls.
 14417 | Orc:2    | Found Vejal's Antique Weapon Emporium.
 14420 | Orc:2    | Noticed an ogre mage
 14426 | Orc:2    | Killed an ogre mage
 14426 | Orc:2    | Received a gift from Trog
 14426 | Orc:2    | Reached skill level 16 in Axes
 14489 | Orc:2    | Found a radiant altar of Vehumet.
 14489 | Orc:2    | Noticed an ogre mage
 14497 | Orc:2    | Killed an ogre mage
 14573 | Orc:2    | Found an ancient bone altar of Kikubaaqudgha.
 14599 | Orc:2    | Found a roughly hewn altar of Beogh.
 14599 | Orc:2    | Found Wupnoase's Distillery.
 14615 | Orc:2    | Found Qink's Antique Weapon Shoppe.
 14808 | Orc:2    | Found Idohoh's Book Emporium.
 14830 | Orc:2    | Bought a potion of might for 44 gold pieces
 14830 | Orc:2    | Bought a potion of lignification for 33 gold pieces
 14830 | Orc:2    | Bought a potion of heal wounds for 55 gold pieces
 14830 | Orc:2    | Bought a potion of heal wounds for 55 gold pieces
 15393 | D:12     | Noticed Erolcha
 15403 | D:12     | Killed Erolcha
 15494 | D:12     | Reached XP level 13. HP: 116/116 MP: 15/15
 15775 | D:12     | Noticed a white very ugly thing
 15971 | D:12     | Demolished by a white very ugly thing

Illustrated notes

Levels and vault maps discovered:
D:1:      minmay_arrival_four_houses, layout_basic
D:2:      layout_loops_corners, nicolae_tso_carved_into_rock, marbit_many_paths,
          chequers_ecumenical_altar_simple, serial_glass, glass_columns_c,
          glass_columns_a, glass_columns_a, glass_columns_b,
          kennysheep_jessica_study
D:3:      layout_basic, hangedman_glass_garden
D:4:      layout_cave_pools, lemuel_doored_altar, kennysheep_mini, uniq_pikel,
          uniq_eustachio, uniq_robin
D:5:      minmay_clustersquares, layout_basic, slow_altar_1, first_ration,
          uniq_grinder, uniq_blork_the_orc
D:6:      layout_rooms
D:7:      layout_gridville, zin_purify, nicolae_overflow_crystal_walls,
          overflow_temple_1_default, minmay_temple_entry_crystal_x, uniq_joseph
D:8:      layout_basic, due_lair_maze_entry_diamond,
          hangedman_little_slice_of_home, minmay_shattered_shrine
D:9:      layout_loops_cross, chequers_temple_overflow_statue_of_worship
D:10:     layout_roguey, nicolae_underground_beach
D:11:     layout_roguey, orc_0_dummy, minmay_puff, uniq_harold
D:12:     layout_roguey, minivault_28, uniq_josephine, uniq_erolcha
Temple:   cyrus_temple_forest
Orc:1:    layout_caves
Orc:2:    kennysheep_orc_mage_school, layout_caves, nicolae_orc_sculptors_studio

Skill      XL: |  1  2  3  4  5  6  7  8  9 10 11 12 |
---------------+-------------------------------------+-----
Axes           | 4 5 7 8 9 12 14 16 | 16.8
Fighting       | 4 5 6 7 8 9 11 | 11.0
Armour         | 3 5 6 7 8 9 10 11 | 11.7
Throwing       | 1 3 |  3.6
Dodging        | 3 |  3.3
Short Blades   | 4 8 |  8.9
Evocations     | 1 4 |  4.5
Stealth        | |  0.3

Action                   |  1- 3 |  4- 6 |  7- 9 | 10-12 | 13-15 || total
-------------------------+-------+-------+-------+-------+-------++-------
Melee: Hand axe          |    77 |    90 |    52 |       |       ||   219
       Headbutt          |    15 |    17 |    59 |   134 |     4 ||   229
       Rapier            |       |       |   209 |     6 |       ||   215
       War axe           |       |       |    34 |   311 |       ||   345
       Broad axe         |       |       |       |   176 |       ||   176
       Mace              |       |       |       |     6 |       ||     6
       Battleaxe         |       |       |       |    88 |    26 ||   114
Throw: Stone             |     7 |    12 |       |    44 |     1 ||    64
       Dart              |       |       |       |    11 |       ||    11
Invok: Berserk           |     1 |     1 |     2 |     4 |       ||     8
       Trog's Hand       |       |       |     1 |     4 |     1 ||     6
Evoke: Wand              |       |       |     6 |     4 |     3 ||    13
  Use: Scroll            |       |       |    10 |     4 |     2 ||    16
       Potion            |       |       |       |     2 |     1 ||     3
  Eat: Chunk             |     3 |     1 |     7 |    16 |       ||    27
       Ration            |       |     1 |     3 |     6 |     1 ||    11
Armor: Animal skin       |     2 |       |       |       |       ||     2
       Ring mail         |    21 |       |       |       |       ||    21
       Plate armour      |    17 |    42 |   165 |   405 |    14 ||   643
       Skin              |       |       |       |     3 |       ||     3
Dodge: Dodged            |    40 |    29 |   105 |   252 |    13 ||   439
